 Dungeon Crawl Stone Soup version 0.31-a0-202-g547052bce9 (webtiles) character file.

Game seed: 5895846027778713621

216 qw the Skirmisher (level 5, -1/30 HPs)
             Began as a Deep Elf Hunter on June 26, 2023.
             Killed from afar by an orc wizard (8 damage)
             ... with a magic dart
             ... on level 4 of the Dungeon.
             The game lasted 00:00:59 (2456 turns).

qw the Skirmisher (Deep Elf Hunter)                 Turns: 2456, Time: 00:01:00

Health: -1/30      AC:  5    Str: 10    XL:     5   Next: 61%
Magic:  7/7        EV: 11    Int: 14    God:
Gold:   193        SH:  0    Dex: 18    Spells: 4/4 levels left

rFire   . . .        Y - +1 shortbow
rCold   . . .        (shield currently unavailable)
rNeg    + . .        j - +0 ring mail
rPois   .            (no helmet)
rElec   .            (no cloak)
rCorr   .            (no gloves)
SInv    .            (no boots)
Will    .....        (no amulet) Stlth
                     i - ring of positive energy
HPRegen 0.25/turn    (no ring)
MPRegen 0.10/turn

%: no passive effects
@: confused
A: no striking features
a: no special abilities


You were on level 4 of the Dungeon.
You visited 1 branch of the dungeon, and saw 4 of its levels.

You collected 193 gold pieces.


   Skills:
 + Level 1.7 Fighting
 - Level 9.1 Ranged Weapons
 - Level 2.4 Dodging
 - Level 1.2 Stealth


You had 4 spell levels left.
You didn't know any spells.
Your spell library was empty.

Inventory:

Hand Weapons
 Y - a +1 shortbow (weapon)
Armour
 j - a +0 ring mail (worn)
Jewellery
 i - a ring of positive energy (left hand)
Scrolls
 a - a scroll of teleportation
 f - a scroll of identify
 h - a scroll of acquirement {unknown}
Potions
 b - a potion of mutation
 c - a potion of cancellation {unknown}
 d - a potion of curing
 e - a potion of resistance {unknown}
 g - a potion of degeneration {unknown}
 k - a potion of might {unknown}

Dungeon Overview and Level Annotations

Branches:
Dungeon (4/15)
 Temple: D:4-7

Altars:
Hepliaklqana
Sif Muna
Trog
The Shining One

Shops:
D:1 ((([   D:2 =:((

Annotations:
D:1 2 transporters


Message History

You shoot an arrow. The arrow hits the hobgoblin.
You kill the hobgoblin!
Something hits you but does no damage. The quokka closely misses you.
Something hits you but does no damage.
You shoot an arrow. The arrow closely misses the quokka.
The quokka bites you but does no damage.
Something completely misses you. The quokka bites you.
You shoot an arrow. The arrow barely misses the quokka.
The quokka closely misses you. Something hits you but does no damage.
You shoot an arrow. The arrow hits the quokka!
You kill the quokka!
Something hits you.
You shoot an arrow. Something hits you but does no damage.
You shoot an arrow. Something hits you but does no damage.
You shoot an arrow. Something hits you.
You shoot an arrow. Something hits you but does no damage.
You shoot an arrow. Something hits you.
You shoot an arrow. Something hits you.
You shoot an arrow. Something hits you but does no damage.
You shoot an arrow.
You hear some strange, mumbled words.
You are confused.
You shoot an arrow. Something hits you but does no damage. Something hits you.
You shoot an arrow.
You hear some strange, mumbled words.
A magic dart appears from out of thin air!
The magic dart hits you.
You shoot an arrow.
You hear some strange, mumbled words.
A magic dart appears from out of thin air!
The magic dart hits you!
You die...

... ### #...
... ##... #.#
#.... #.###...#
#.....# #%{(#
#@# ### #.# ...
###.### ## ...
##.....###. #.#
###....#......
#.#
#......##.....#
#.# ##....##
......# #.#
##..##
.###..####.##
##%# ..#
#.......#


There were no monsters in sight!

Vanquished Creatures
  A howler monkey (D:4)
  A hound (D:4)
  A jelly (D:4)
  3 adders
  A worm (D:2)
  3 dart slugs
  3 orcs
  14 ball pythons
  6 bats
  2 endoplasms
  2 giant cockroaches (D:1)
  6 goblins
  4 hobgoblins
  7 jackals (D:1)
  3 quokkas
  4 frilled lizards
  9 kobolds
  7 rats
77 creatures vanquished.

Notes
Turn   | Place    | Note
-------+----------+-------------------------------------------
     0 | D:1      | qw the Deep Elf Hunter began the quest for the Orb.
     0 | D:1      | Reached XP level 1. HP: 12/12 MP: 3/3
     0 | D:1      | 0 ||| qw: Version: 0.3-a-22-g0ed2b0b
     0 | D:1      | 0 ||| qw: Game counter: 6012
     0 | D:1      | 0 ||| qw: Melee chars always use a shield: true
     0 | D:1      | 0 ||| qw: God list: Okawaru
     0 | D:1      | 0 ||| qw: Allow faded altars: false
     0 | D:1      | 0 ||| qw: Do Orc after clearing Dungeon:15 true
     0 | D:1      | 0 ||| qw: Do second Lair branch before Depths: true
     0 | D:1      | 0 ||| qw: Lair rune preference: random
     0 | D:1      | 0 ||| qw: Goals: Normal
     0 | D:1      | 0 ||| PLANNING D:1-11
    19 | D:1      | Found a transporter.
    70 | D:1      | Found a transporter.
    72 | D:1      | Found Keryadan's Antique Armour Emporium.
   158 | D:1      | Reached XP level 2. HP: 16/16 MP: 4/4
   176 | D:1      | Reached skill level 6 in Ranged Weapons
   181 | D:1      | Found Tiasayg's Weapon Boutique.
   203 | D:1      | Found Voosm's Weapon Shop.
   205 | D:1      | Found Noehi's Antique Weapon Shop.
   458 | D:1      | Reached XP level 3. HP: 20/20 MP: 5/5
   526 | D:1      | 526 ||| READING scroll labelled COPUXA ESTA.
   527 | D:1      | 527 ||| READING scroll labelled KUSUFI VU HOFO.
   528 | D:1      | 528 ||| DRINKING 2 bubbling clear potions.
   529 | D:1      | 529 ||| DROPPING scroll of butterflies.
   530 | D:1      | 530 ||| DROPPING potion of brilliance.
   560 | D:2      | 560 ||| STAIRDANCE
   579 | D:2      | 579 ||| STAIRDANCE
   584 | D:1      | Reached skill level 7 in Ranged Weapons
   590 | D:1      | HP: 4/20 [goblin/+0 club (3)]
   667 | D:2      | 667 ||| STAIRDANCE
   698 | D:2      | 698 ||| STAIRDANCE
   713 | D:2      | Found Sube's Weapon Shop.
   760 | D:2      | Identified the +1 sling of the Wraith {drain, rCorr Str+7
                  | Int+2 Dex-2}
   762 | D:2      | 762 ||| DROPPING +1 sling of the Wraith {drain, rCorr Str+7
                  | Int+2 Dex-2}.
   800 | D:2      | Found Ipsireh's Weapon Shoppe.
   857 | D:2      | Found Itashumi's Book Emporium.
   915 | D:2      | Reached XP level 4. HP: 25/25 MP: 6/6
  1019 | D:2      | Found Jiasiri's Jewellery Boutique.
  1032 | D:2      | 1032 ||| SHOPLISTING +5 ring of evasion (360 gold, have
                  | 62).
  1032 | D:2      | 1032 ||| SHOPLISTING amulet "Weregousm" {Acrobat rPois rF+
                  | Will- rCorr} (496 gold, have 62).
  1032 | D:2      | 1032 ||| SHOPLISTING amulet of reflection (300 gold, have
                  | 62).
  1032 | D:2      | 1032 ||| SHOPLISTING ring of fire (250 gold, have 62).
  1032 | D:2      | 1032 ||| SHOPLISTING ring of positive energy (200 gold,
                  | have 62).
  1032 | D:2      | 1032 ||| SHOPLISTING ring of protection from fire (250
                  | gold, have 62).
  1111 | D:2      | 1111 ||| UPGRADING to +0 ring mail.
  1121 | D:2      | 1121 ||| DROPPING +0 leather armour.
  1122 | D:2      | 1122 ||| UPGRADING to ring of positive energy.
  1123 | D:2      | 1123 ||| READING 2 scrolls labelled BISSEO BYUWN.
  1126 | D:2      | 1126 ||| READING scroll labelled KUOFIE HOESA.
  1127 | D:2      | 1127 ||| READING scroll labelled ELIAME LIOP.
  1128 | D:2      | 1128 ||| READING 3 scrolls of identify.
  1128 | D:2      | 1128 ||| IDENTIFYING brown potion
  1129 | D:2      | 1129 ||| READING 2 scrolls of identify.
  1129 | D:2      | 1129 ||| IDENTIFYING sapphire potion
  1186 | D:3      | Found a hazy altar of Hepliaklqana.
  1554 | D:3      | Found a faded altar of an unknown god.
  1672 | D:3      | Reached skill level 8 in Ranged Weapons
  2010 | D:3      | 2010 ||| DRINKING 2 murky amethyst potions.
  2054 | D:3      | 2054 ||| DROPPING potion of lignification.
  2096 | D:4      | Found a bloodstained altar of Trog.
  2149 | D:4      | Found a shimmering blue altar of Sif Muna.
  2186 | D:4      | Reached XP level 5. HP: 23/29 MP: 7/7
  2221 | D:4      | Found a glowing golden altar of the Shining One.
  2413 | D:4      | Reached skill level 9 in Ranged Weapons
  2455 | D:4      | HP: 7/30 [something/magic dart (5)]
  2456 | D:4      | Killed from afar by an orc wizard

Levels and vault maps discovered:
D:1:      dpeg_arrival_tiny_h, layout_basic, serial_shops,
          nicolae_shop_drivethru, shop_statue, nicolae_shop_waterfront,
          nicolae_shop_rolling_square
D:2:      layout_rooms, serial_shops, nicolae_book_shop_shelving, shop, shop,
          shop
D:3:      layout_basic, lemuel_coloured_pillars_altar,
          chequers_ecumenical_altar_twisty, st_stairs_6, minmay_vboxes
D:4:      layout_layer_cave, mainiacjoe_overflow_small_starburst,
          mainiacjoe_overflow_concentric_impassable,
          nicolae_tso_carved_into_rock, minmay_temple_entry_mini_moons

Skill      XL: |  1  2  3  4  5 |
---------------+----------------+-----
Ranged Weapons | 6 7 8 9 |  9.1
Fighting       | |  1.7
Dodging        | |  2.4
Stealth        | |  1.2

Action                     |  1- 3 |  4- 6 || total
---------------------------+-------+-------++-------
   Fire: Shortbow          |   112 |   100 ||   212
    Use: Scroll            |     2 |     5 ||     7
         Potion            |     1 |     1 ||     2
 Armour: Leather armour    |    22 |     1 ||    23
         Ring mail         |       |    18 ||    18
  Dodge: Dodged            |    52 |    16 ||    68

Table legend:
 A = Non-vault XP
 B = Vault XP
 C = Vault XP percentage of total XP
 D = Non-vault monster count
 E = Vault monster count
 F = Vault count percentage of total count
                 A         B        C        D         E       F
            +---------+---------+-------+---------+---------+-------
      Total |     294 |      15 |   4.9 |      68 |       9 |  11.7
            +---------+---------+-------+---------+---------+-------
        D:1 |      72 |       0 |   0.0 |      36 |       0 |   0.0
        D:2 |      48 |       0 |   0.0 |      19 |       0 |   0.0
        D:3 |      17 |      15 |  46.9 |       3 |       9 |  75.0
        D:4 |     157 |       0 |   0.0 |      10 |       0 |   0.0
            +---------+---------+-------+---------+---------+-------
